 Dungeon Crawl Stone Soup version 0.27.1-4-g1640c2035a (webtiles) character file.

Game seed: 17687179869183201741

520 Fulminus the Magician (level 7, -5/51 HPs)
             Began as a Djinni Hedge Wizard on Nov 11, 2021.
             Was an Initiate of Makhleb.
             Slain by Menkaure (9 damage)
             ... on level 4 of the Dungeon.
             The game lasted 00:21:59 (7409 turns).

Fulminus the Magician (Djinni Hedge Wizard)         Turns: 7409, Time: 00:22:00

Health: -5/51      AC:  5    Str:  8 (9)  XL:     7   Next: 45%
Gold:   113        EV: 12    Int: 14 (17) God:    Makhleb [......] SH:  0 Dex: 10 (13)

rFire    + + .     SeeInvis .   o - +2 dagger (speed)
rCold    . . .     Faith    .   (no shield)
rNeg     . . .     Spirit   .   k - +2 robe {Will+}
rPois    ∞         Reflect  .   c - +0 hat
rElec    .         Harm     .   (no cloak)
rCorr    .         Rampage  .   q - +0 pair of gloves
Will     +....                  (boots unavailable)
Stlth    ++........             (no amulet)
HPRegen  0.17/turn              i - ring of protection from cold
MPRegen  0.00/turn              (no ring)

@: flying
A: sickness immunity, fire resistance 2, cold vulnerability 1, float, innate
caster, hp casting, extra vitality 1
a: Renounce Religion


You were on level 4 of the Dungeon.
You worshipped Makhleb.
Makhleb was noncommittal.
You visited 2 branches of the dungeon, and saw 6 of its levels.

You collected 113 gold pieces.

Inventory:

Hand Weapons
 g - a +1 short sword of holy wrath
 o - a +2 dagger of speed (weapon)
 r - a +0 falchion
Armour
 c - a +0 hat (worn)
 k - a +2 robe of willpower (worn)
 q - a +0 pair of gloves (worn)
Jewellery
 i - a ring of protection from cold (left hand)
Wands
 j - a wand of digging (7)
Scrolls
 e - 2 scrolls of identify
 h - a scroll of torment
 l - a scroll of silence {unknown}
 n - a scroll of enchant armour {unknown}
 p - a scroll of amnesia {unknown}
Potions
 b - a potion of flight {unknown}
 d - a potion of lignification
 f - a potion of magic {unknown}
 m - a potion of might {unknown}


   Skills:
 + Level 3.6 Fighting
 + Level 0.0 Long Blades
 + Level 0.0 Armour
 + Level 2.1 Dodging
 - Level 1.5 Stealth
 * Level 5.3 Spellcasting
 + Level 0.0 Invocations


You couldn't memorise any spells.
You knew the following spells:

 Your Spells              Type           Power      Damage    Failure   Level
a - Magic Dart            Conj           72%        1d6       1%          1
b - Blink                 Tloc           N/A        N/A       2%          2
c - Call Imp              Summ           18%        N/A       2%          2
d - Slow                  Hex            18%        N/A       2%          2
e - Conjure Flame         Conj/Fire      18%        6-21      5%          3
f - Mephitic Cloud        Conj/Pois/Air  18%        N/A       5%          3
g - Shock                 Conj/Air       72%        1d7       1%          1
h - Searing Ray           Conj           36%        3d4       2%          2
i - Portal Projectile     Hex/Tloc       36%        N/A       5%          3
Your spell library was empty.

Dungeon Overview and Level Annotations

Branches:
Dungeon (5/15)             Temple (1/1) D:4

Altars:
Dithmenos
Fedhas
Hepliaklqana
Makhleb
Nemelex Xobeh
Okawaru
Qazlal
Ru
Sif Muna
Trog
Vehumet
Wu Jian

Annotations:
D:3 exclusion: moth of wrath
D:4 Menkaure


Innate Abilities, Weirdness & Mutations

You are immune to sickness and miasma.
You are immune to poison.
Your flesh is very heat resistant. (rF++)
You are vulnerable to cold. (rC-)
You float through the air rather than walking.
You learn spells naturally, not from books.
Your magical power is your life essence.
You have superior vitality. (+4 HP)


Message History

Menkaure mumbles some strange words.
Menkaure seems to speed up.
There is a stone staircase leading up here.
Menkaure is nearby!
Casting: Magic Dart (safe; 1% risk of failure)
Confirm with . or Enter, or press ? or * to list all spells.
A shadowy apparition takes form in the air.
Casting: Call Imp (safe; 2% risk of failure)
Confirm with . or Enter, or press ? or * to list all spells.
A beastly little devil appears in a puff of flame.
Menkaure closely misses you. Menkaure hits you!
Your crimson imp hits Menkaure.
You fly upwards.
Your summoned allies are left behind.
There is a stone staircase leading down here.
You can't go up here!
Unknown command.
Okay, then.
Casting: Call Imp (safe; 2% risk of failure)
Confirm with . or Enter, or press ? or * to list all spells.
A beastly little devil appears in a puff of flame.
Menkaure hits you.
Casting: Call Imp (safe; 2% risk of failure)
Confirm with . or Enter, or press ? or * to list all spells.
A beastly little devil appears in a puff of flame.
Menkaure hits you!
* * * LOW HITPOINT WARNING * * *
It was a potion of degeneration.
There was something very wrong with that liquid.
You feel weakened.
You feel dopey.
You feel clumsy.
Menkaure calls on the powers of darkness!
Your body is wracked with pain!
* * * LOW HITPOINT WARNING * * *
Your crimson imp hits Menkaure but does no damage.
As you read the scroll labelled XULIDGH FOEHIE, it crumbles to dust.
It is a scroll of identify.
h - a scroll of torment Menkaure closely misses you.
Your crimson imp closely misses Menkaure.
Your crimson imp blinks!
Menkaure hits you!
You die...

# #...........#.####.# #....##
# #.........#.#......# #....##
#
###########.#.###########....##
### #.#.# #<....('....# ..#
#.#'###########...### ..#
#...................# ..#
#.(.................# ..#
#..§5....5..........# ..#
#..M@...............# ..#
###+######..........# ..#
#.######........... ..#
#......'........... ###
########...........
##......#+## #.######..) #<#
#### #.######...


You could see Menkaure (fast, ally target) and 2 friendly crimson imps.

Vanquished Creatures
  An ogre (D:4)
  A phantom (D:4)
  2 hounds (D:4)
  An orc wizard (D:4)
  A gnoll (D:4)
  6 adders
  An ufetubus (D:4)
  3 worms (D:3)
  A dart slug (D:1)
  8 orcs
  3 ball pythons
  7 endoplasms
  3 giant cockroaches
  5 goblins
  9 hobgoblins
  6 jackals
  4 quokkas
  6 bats
  A frilled lizard (D:2)
  3 kobolds
  7 rats
79 creatures vanquished.

Vanquished Creatures (collateral kills)
  A necrophage (D:3)
  A hound (D:4)
  A gnoll shaman (D:4)
  2 gnolls (D:4)
  A worm (D:3)
  2 orcs
  An endoplasm (D:3)
  A ball python (D:3)
10 creatures vanquished.

Grand Total: 89 creatures vanquished

Notes
Turn   | Place    | Note
-------+----------+-------------------------------------------
     0 | D:1      | Fulminus the Djinni Hedge Wizard began the quest for the
                  | Orb.
     0 | D:1      | Reached XP level 1. HP: 15/15 MP: 0/0
   342 | D:1      | Reached XP level 2. HP: 18/21 MP: 0/0
   502 | D:1      | Reached skill level 3 in Spellcasting
   866 | D:1      | Reached XP level 3. HP: 20/25 MP: 0/0
   866 | D:1      | Learned a level 1 spell: Shock
  1951 | D:2      | Reached XP level 4. HP: 30/31 MP: 0/0
  2006 | D:2      | Reached skill level 1 in Fighting
  3056 | D:3      | Reached XP level 5. HP: 26/37 MP: 0/0
  3056 | D:3      | Learned a level 2 spell: Searing Ray
  3536 | D:3      | Found a faded altar of an unknown god.
  3722 | D:3      | Noticed a moth of wrath
  3725 | D:3      | Found a bloodstained altar of Trog.
  4033 | D:3      | Reached skill level 4 in Spellcasting
  4582 | D:3      | Noticed a necrophage
  4591 | D:3      | Killed a necrophage
  4592 | D:3      | Reached XP level 6. HP: 38/45 MP: 0/0
  4781 | D:4      | HP: 3/67 [phantom (6)]
  5131 | D:4      | Noticed an ogre
  5137 | D:4      | Killed an ogre
  5138 | D:4      | Reached skill level 5 in Spellcasting
  5138 | D:4      | Reached XP level 7. HP: 38/50 MP: 0/0
  5138 | D:4      | Learned a level 3 spell: Portal Projectile
  5261 | D:4      | Found a staircase to the Ecumenical Temple.
  5275 | Temple   | Entered the Ecumenical Temple
  5639 | Temple   | Became a worshipper of Makhleb the Destroyer
  5878 | D:4      | Found an iron altar of Okawaru.
  6322 | D:5      | Entered Level 5 of the Dungeon
  6337 | D:5      | Found a sacrificial altar of Ru.
  6337 | D:5      | Noticed Menkaure
  7409 | D:4      | Slain by Menkaure

Illustrated notes

Levels and vault maps discovered:
D:1:      minmay_arrival_plants_in_alcoves, layout_loops_corners
D:2:      layout_basic
D:3:      layout_rooms, tgw_trog, hellmonk_ecumenical_altar_slurped_away,
          grunt_ministairs_11, minmay_unequal
D:4:      layout_basic, marbit_many_paths, minmay_temple_entry_slanted
D:5:      layout_cave_pools, nicolae_overflow_crystal_walls,
          nrook_mini_backslash, kennysheep_generic_room_7, uniq_menkaure
Temple:   compressed_dpeg_triangle_lava_temple

Skill      XL: |  1  2  3  4  5  6 |
---------------+-------------------+-----
Spellcasting   | 3 4 5 |  5.3
Fighting       | 1 2 3 |  3.6
Dodging        | |  2.1
Stealth        | |  1.5

Action                   |  1- 3 |  4- 6 |  7- 9 || total
-------------------------+-------+-------+-------++-------
Melee: Dagger            |     4 |       |    14 ||    18
       Short sword       |       |     4 |     1 ||     5
 Cast: Magic Dart        |    54 |   115 |    21 ||   190
       Call Imp          |     1 |    13 |    14 ||    28
       Shock             |     3 |    12 |     4 ||    19
       Mephitic Cloud    |       |     2 |     4 ||     6
       Searing Ray       |       |     1 |       ||     1
       Blink             |       |       |     1 ||     1
       Portal Projectile |       |       |     1 ||     1
  Use: Potion            |       |     1 |     1 ||     2
       Scroll            |       |       |     1 ||     1
 Stab: Confused          |       |       |     1 ||     1
Armor: Robe              |     1 |     6 |     6 ||    13
       Skin              |       |     1 |       ||     1
Dodge: Dodged            |     9 |    16 |    30 ||    55
